 Dungeon Crawl Stone Soup version 0.31.0-9-g3a7656b989 (webtiles) character file.

Game seed: 13707639407392468675

226 EnegeticOcto the Ruffian (level 5, -7/53 HPs)
             Began as a Troll Monk on Jan 31, 2024.
             Mangled by a gnoll
             ... wielding a +0 halberd
              (10 damage)
             ... on level 2 of the Dungeon.
             The game lasted 00:00:38 (619 turns).

EnegeticOcto the Ruffian (Troll Monk)                Turns: 619, Time: 00:00:39

Health: -7/53      AC:  4    Str: 19    XL:     5   Next: 69%
Magic:  0/4        EV: 11    Int:  6    God:
Gold:   70         SH:  0    Dex: 14    Spells: 4/4 levels left

rFire   . .          .
                       - Unarmed
rCold   . . .        c - orb {light}
rNeg    . . .        a - +0 robe
rPois   .            (helmet restricted)
rElec   .            (no cloak)
rCorr   .            (gloves unavailable)
SInv    .            (boots unavailable)
Will    .....        (no amulet)
Stlth   +            (no ring)
HPRegen 1.08/turn    (no ring)
MPRegen 0.09/turn

%: no passive effects
@: glowing
A: large, unfitting armour, claws 3, regeneration 1, shaggy fur 1, tough skin 1
a: no special abilities


You were on level 2 of the Dungeon.
You visited 1 branch of the dungeon, and saw 2 of its levels.

You collected 70 gold pieces.

Inventory:

Armour
 a - a +0 robe (worn)
 c - an orb of light (worn)
Jewellery
 g - a ring of see invisible
   (You found it on level 1 of the Dungeon)
Scrolls
 d - a scroll of teleportation {unknown}
 e - a scroll of blinking {unknown}
 h - 2 scrolls of identify {unknown}
 j - a scroll of amnesia {unknown}
Potions
 b - a potion of ambrosia
 f - 2 potions of curing {unknown}
 i - a potion of lignification {unknown}
 k - a potion of haste {unknown}


   Skills:
 + Level 3.3 Fighting
 + Level 3.3 Dodging
 * Level 5.0 Unarmed Combat


You had 4 spell levels left.
You didn't know any spells.
Your spell library contained the following spells:

 Spells                   Type           Power      Damage    Failure   Level
 Call Canine Familiar     Summ           0%         N/A       83%         3
 Sigil of Binding         Hex            0%         N/A       83%         3
 Dimensional Bullseye     Hex/Tloc       0%         N/A       99%         4


Dungeon Overview and Level Annotations

Branches:
Dungeon (2/15) Zot: 11386

Altars:
Gozag

Shops:
D:1 *


Innate Abilities, Weirdness & Mutations

You are too large for most types of armour.
You have claws for hands.
Your natural rate of healing is unusually fast.
You are covered in fur. (AC +1)
You have tough skin. (AC +1)


Message History

You are too injured to fight recklessly!
You are too injured to fight recklessly!
You barely miss Sigmund.
Sigmund is heavily wounded.
The hobgoblin barely misses you.
You claw Sigmund!
Sigmund is almost dead.
The hobgoblin hits you. Sigmund gestures at you while chanting.
The puff of flame hits you!
You claw Sigmund!
You kill Sigmund!
The hobgoblin hits you.
* * * LOW HITPOINT WARNING * * *
A bat comes into view.
Your Fighting skill increases to level 3!
Your Dodging skill increases to level 3!
Your Unarmed Combat skill gained 2 levels and is now at level 5!
You have reached level 4!
You have reached level 5!
You scratch the hobgoblin but do no damage.
The hobgoblin closely misses you.
You barely miss the hobgoblin. The hobgoblin misses you.
You claw the hobgoblin!
You kill the hobgoblin!
The bat barely misses you.
You scratch the bat.
You kill the bat!
Things that are here:
a +0 scythe; a +0 robe; the human corpse of Sigmund HP restored.
You now have 70 gold pieces (gained 13).
You see here a +0 sling.
Found a leather armour.
Found a chain mail.
k - a golden potion A gnoll comes into view.
It is wielding a +3 halberd.
A gnoll is nearby!
A gnoll is nearby!
A gnoll comes into view. It is wielding a +0 antimagic spear.
The gnoll shouts!
A gnoll comes into view. It is wielding a +0 halberd.
The gnoll hits you with a +3 halberd!
The gnoll shouts!
You claw the gnoll!
You kill the gnoll!
The gnoll hits you from afar with a +0 antimagic spear.
You feel your power leaking away.
You see here a +3 halberd.
The gnoll hits you with a +0 antimagic spear.
You feel your power leaking away. The gnoll misses you.
You are too injured to fight recklessly!
You are too injured to fight recklessly!
You are too injured to fight recklessly!
You are too injured to fight recklessly!
You are too injured to fight recklessly!
You are too injured to fight recklessly!
You are too injured to fight recklessly!
You are too injured to fight recklessly!
You are too injured to fight recklessly!
You are too injured to fight recklessly!
You are too injured to fight recklessly!
You scratch the gnoll.
The gnoll is lightly wounded.
The gnoll closely misses you.
The gnoll hits you from afar with a +0 halberd!
You scratch the gnoll.
The gnoll is moderately wounded.
The gnoll closely misses you. x2
You completely miss the gnoll.
The gnoll is moderately wounded.
The gnoll hits you with a +0 antimagic spear.
The gnoll closely misses you.
You scratch the gnoll but do no damage.
The gnoll is moderately wounded.
The gnoll barely misses you.
The gnoll hits you from afar with a +0 halberd!
* * * LOW HITPOINT WARNING * * *
You scratch the gnoll.
The gnoll is heavily wounded.
The gnoll completely misses you.
The gnoll hits you with a +0 antimagic spear.
* * * LOW HITPOINT WARNING * * *
You barely miss the gnoll.
The gnoll is heavily wounded.
The gnoll barely misses you.
The gnoll hits you with a +0 antimagic spear.
* * * LOW HITPOINT WARNING * * *
You barely miss the gnoll.
The gnoll is heavily wounded.
The gnoll closely misses you.
The gnoll hits you from afar with a +0 halberd.
* * * LOW HITPOINT WARNING * * *
You scratch the gnoll.
The gnoll is almost dead.
The gnoll hits you with a +0 antimagic spear.
* * * LOW HITPOINT WARNING * * *
The gnoll hits you from afar with a +0 halberd!
You die...

##..# #..#
#..#
######..####
......[....# #
####[#####.#.#
#. #.#.### .
#)....# #.
#@#.#.# #g#...
.g# ..# #.##
..# .. .# ###
.#


You could see 2 gnolls.

Vanquished Creatures
  Sigmund (D:2)
  A gnoll (D:2)
  5 bats
  4 endoplasms (D:1)
  A giant cockroach (D:1)
  2 goblins
  9 hobgoblins
  2 kobolds (D:1)
  3 quokkas (D:1)
  4 ball pythons (D:1)
  3 frilled lizards (D:1)
  5 rats (D:1)
40 creatures vanquished.

Notes
Turn   | Place    | Note
-------+----------+-------------------------------------------
     0 | D:1      | EnegeticOcto the Troll Monk began the quest for the Orb.
     0 | D:1      | Reached XP level 1. HP: 22/22 MP: 0/0
    42 | D:1      | Reached XP level 2. HP: 29/29 MP: 1/1
   133 | D:1      | Found Ytriv's Assorted Antiques.
   429 | D:1      | Reached XP level 3. HP: 36/36 MP: 2/2
   543 | D:2      | Noticed Sigmund
   545 | D:2      | Found an opulent altar of Gozag.
   551 | D:2      | Killed Sigmund
   552 | D:2      | Reached skill level 3 in Fighting
   552 | D:2      | Reached skill level 3 in Dodging
   552 | D:2      | Reached skill level 5 in Unarmed Combat
   552 | D:2      | Reached XP level 4. HP: 13/45 MP: 3/3
   552 | D:2      | Reached XP level 5. HP: 15/53 MP: 4/4
   619 | D:2      | Mangled by a gnoll

Illustrated notes

Levels and vault maps discovered:
D:1:      beargit_arrival_greenhouse, layout_rooms, serial_shops,
          nicolae_shop_tiny_waterfront, minmay_quantized
D:2:      layout_loops_ring, basic_altar, uniq_sigmund

Skill      XL: |  1  2  3 |
---------------+----------+-----
Fighting       | 3 |  3.3
Dodging        | 3 |  3.3
Unarmed Combat | 5 |  5.0

Action                     |  1- 3 |  4- 6 || total
---------------------------+-------+-------++-------
  Melee: Unarmed           |    65 |    13 ||    78
 Armour: Robe              |    27 |    11 ||    38
  Dodge: Dodged            |    25 |    12 ||    37

Table legend:
 A = Kills in this place as a percentage of kills in the entire game.
 B = Kills by you in this place as a percentage of kills by you in the entire game.
 C = Kills by friends in this place as a percentage of kills by friends in the entire game.
 D = Other kills in this place as a percentage of other kills in the entire game.
 E = Experience gained in this place as a percentage of experience gained in the entire game.
 F = Experience gained in this place divided by the number of levels of this place that you have seen.
                   A       B       C       D       E      F
               +-------+-------+-------+-------+-------+----------------------
         Total | 100.0 | 100.0 |   N/A |   N/A | 100.0 | 161.5
       Dungeon | 100.0 | 100.0 |   N/A |   N/A | 100.0 | 161.5
               +-------+-------+-------+-------+-------+----------------------

Table legend: (Time is in decaauts)
 A = Elapsed time spent in this place.
 B = Non-inter-level travel time spent in this place.
 C = Inter-level travel time spent in this place.
 D = Time resting spent in this place.
 E = Time spent auto-exploring this place.
 F = Levels seen in this place.
 G = Mean time per level.
                   A        B        C        D        E       F      G
               +--------+--------+--------+--------+--------+-----+--------+
         Total |    613 |    607 |      6 |      0 |    439 |   2 |  306.5 |
       Dungeon |    613 |    607 |      6 |      0 |    439 |   2 |  306.5 |
               +--------+--------+--------+--------+--------+-----+--------+

Top non-repeatable levels by time:
     D:1: 532 daAuts
     D:2: 80 daAuts
